[Event "2026 European Womens Championship"]
[Site "Batumi, GE"]
[Date "2026.05.25"]
[Round "1"]
[White "Wagner, Dinara"]
[Black "Odisharia, Teona"]
[Result "1-0"]
[Board "9"]
[TimeControl "5400+30"]
[WhiteFideId "24157570"]
[BlackFideId "13602322"]
[WhiteElo "2408"]
[BlackElo "2167"]
[WhiteTitle "IM"]
[BlackTitle "WFM"]
[WhiteClock "0:26:00"]
[BlackClock "0:06:00"]
[Variant "Standard"]

1. d4 Nf6 2. c4 g6 3. Nc3 Bg7 4. e4 d6 5. Be2 e5 6. Nf3 O-O 7. d5 a5 8. Be3 Ng4 9. Bg5 f6 10. Bh4 g5 11. Bg3 Nh6 12. Nd2 Na6 13. f3 Nc5 14. Nb3 b6 15. Nxc5 bxc5 16. Qd3 f5 17. h3 Rb8 18. O-O-O Bd7 19. Nb5 Nf7 20. Be1 c6 21. dxc6 Bxc6 22. Bc3 d5 23. exd5 Bxb5 24. cxb5 Nd6 25. Qc2 Nxb5 26. Bxb5 Rxb5 27. d6 Qd7 28. g4 Rb6 29. Qd2 Kh8 30. Qxg5 Rxd6 31. Rxd6 Qxd6 32. Rd1 Qg6 33. Qxg6 hxg6 34. Rd5 e4 35. Bxg7+ Kxg7 36. fxe4 fxe4 37. Rxc5 e3 38. Re5 Rf3 39. Kc2 Rxh3 40. Rxa5 Rh2+ 41. Kd3 e2 42. Re5 e1=Q 43. Rxe1 Rxb2 44. Re2 Rb1 45. a4 Kf6 46. Re4 g5 47. Kc4 Rc1+ 48. Kb5 Rf1 49. a5 Rb1+ 50. Rb4 Ra1 51. a6 Ke6 52. Kb6 Kd7 53. Kb7 Rc1 54. a7 Rc7+ 55. Ka6 Kd6 1-0

[Event "2026 European Womens Championship"]
[Site "Batumi, GE"]
[Date "2026.05.25"]
[Round "1"]
[White "Ismayil, Malak"]
[Black "Atalik, Ekaterina"]
[Result "1/2-1/2"]
[Board "22"]
[TimeControl "5400+30"]
[WhiteFideId "13412604"]
[BlackFideId "4130189"]
[WhiteElo "2122"]
[BlackElo "2372"]
[WhiteTitle "WIM"]
[BlackTitle "IM"]
[WhiteClock "0:01:40"]
[BlackClock "0:20:02"]
[Variant "Standard"]

1. Nf3 d5 2. b3 c5 3. Bb2 Nc6 4. e3 a6 5. d4 Nf6 6. Nbd2 cxd4 7. exd4 g6 8. Be2 Bg7 9. O-O O-O 10. Ne5 Qb6 11. Ndf3 Bf5 12. c4 Rad8 13. c5 Qa7 14. Nxc6 bxc6 15. Ne5 Qb7 16. Qe1 Nd7 17. Nxd7 Bxd7 18. Qa5 Bc8 19. Bd3 Rde8 20. Rae1 Bf5 21. Qxa6 Qxa6 22. Bxa6 Ra8 23. Bb7 Rxa2 24. Bc3 Bd3 25. Ra1 Rc2 26. Rfc1 Rxc1+ 27. Rxc1 Bb5 28. Ra1 Rb8 29. Ra7 f6 30. f4 Kf7 31. b4 Ke6 32. Ba6 g5 33. Bxb5 cxb5 34. fxg5 fxg5 35. Kf2 Bf6 36. Ke3 h5 37. Ra6+ Kd7 38. Be1 h4 39. Kd3 Kc7 40. Bd2 Kb7 41. Ra5 Kc6 42. h3 Rg8 43. Ra6+ Kd7 44. Be3 Kc7 45. Ke2 g4 46. Bf4+ Kd7 47. c6+ Ke6 48. c7+ Kd7 49. Kd3 gxh3 50. gxh3 Rf8 51. Rb6 Bxd4 52. c8=Q+ Rxc8 53. Kxd4 Rc4+ 54. Ke3 Rxb4 55. Rb7+ Ke6 56. Bg5 Kf5 57. Bxe7 Rb3+ 58. Kd4 Rxh3 59. Rxb5 Rh1 60. Rxd5+ Kg4 61. Bxh4 Rxh4 62. Ke4 1/2-1/2

[Event "2026 European Womens Championship"]
[Site "Batumi, GE"]
[Date "2026.05.26"]
[Round "2"]
[White "Zherebtsova, Alexandra"]
[Black "Tsolakidou, Stavroula"]
[Result "1/2-1/2"]
[Board "1"]
[TimeControl "5400+30"]
[WhiteFideId "24129518"]
[BlackFideId "4264312"]
[WhiteElo "2242"]
[BlackElo "2455"]
[WhiteTitle "FM"]
[BlackTitle "IM"]
[WhiteClock "0:02:14"]
[BlackClock "0:01:17"]
[Variant "Standard"]

1. d4 Nf6 2. c4 c5 3. d5 b5 4. Nf3 b4 5. a3 g6 6. axb4 cxb4 7. Qd4 a5 8. e4 d6 9. e5 dxe5 10. Nxe5 Bg7 11. Nd2 e6 12. d6 Nfd7 13. Ndf3 Bb7 14. Bh6 Nc6 15. Nxc6 Bxd4 16. Nxd8 Bxf3 17. gxf3 Kxd8 18. O-O-O Bxf2 19. Bd3 a4 20. Kb1 Bc5 21. Bf4 Ra6 22. Be4 Kc8 23. Bg3 Re8 24. Rd2 f5 25. Bc2 b3 26. Bd1 e5 27. Be2 Rxd6 28. Rxd6 Bxd6 29. c5 Nxc5 30. Bb5 Re7 31. Bf2 e4 32. Bxc5 Bxc5 33. fxe4 fxe4 34. Bxa4 e3 35. Re1 Bb4 36. Re2 Bd2 37. Bxb3 Rc7 38. Be6+ Kd8 39. b3 Ke7 40. Bc4 Kf6 41. Kc2 Ke5 42. Kd1 Kf4 43. Rg2 Ra7 44. Ke2 Bb4 45. h3 Ra2+ 46. Kf1 Ra1+ 47. Ke2 Re1+ 48. Kd3 Rd1+ 49. Ke2 Rd2+ 50. Kf1 Kf3 51. Be2+ Rxe2 52. Rxe2 g5 53. Rg2 h6 54. Re2 Bd2 55. Rh2 h5 56. Rg2 Bc3 57. Re2 Bd2 58. Rg2 g4 59. hxg4 hxg4 60. Re2 Bc3 61. b4 Bxb4 62. Rf2+ Ke4 63. Rf7 g3 64. Ke2 Bd6 65. Rg7 Be5 1/2-1/2

[Event "2026 European Womens Championship"]
[Site "Batumi, GE"]
[Date "2026.05.26"]
[Round "2"]
[White "Osmak, Yuliia"]
[Black "Peglau, Charis"]
[Result "0-1"]
[Board "2"]
[TimeControl "5400+30"]
[WhiteFideId "14101602"]
[BlackFideId "16219996"]
[WhiteElo "2451"]
[BlackElo "2238"]
[WhiteTitle "IM"]
[BlackTitle "WFM"]
[WhiteClock "0:01:42"]
[BlackClock "0:03:37"]
[Variant "Standard"]

1. d4 Nf6 2. c4 g6 3. Nc3 d5 4. Nf3 Bg7 5. h4 c6 6. cxd5 cxd5 7. Bf4 Nc6 8. e3 a6 9. Be2 h5 10. Ne5 Bf5 11. O-O Rc8 12. Rc1 O-O 13. Qb3 Na5 14. Qb4 Ng4 15. Na4 Nxe5 16. dxe5 b5 17. Rxc8 Bxc8 18. Nc3 e6 19. Bg5 Qc7 20. Bf6 Nc4 21. Bxg7 Kxg7 22. Bxc4 bxc4 23. f4 Bb7 24. Ne2 Rb8 25. Nd4 Bc8 26. Qa3 a5 27. Rf2 Ba6 28. Qc3 Qb6 29. a3 Kf8 30. Rc2 Ra8 31. Qe1 Bb7 32. Qg3 Qd8 33. Rf2 Qe7 34. Nb5 Ba6 35. Nd6 Rd8 36. f5 exf5 37. Qf4 Kg7 38. Rf3 Bc8 39. Rg3 Kh7 40. Rg5 Be6 41. Rg3 Rb8 42. Qd4 Rb3 43. Rf3 Rd3 44. Qc5 Rd2 45. Qxa5 Rxb2 46. Rf4 Rb3 47. Qc5 Rb8 48. Kh2 Ra8 49. Qc6 Rxa3 50. Ne8 Qd8 51. Nf6+ Kg7 52. Rf3 Ra8 53. Rg3 Kh8 54. Qc5 Qf8 55. Qd4 Qh6 56. Rg5 Rc8 57. Qc3 Qg7 58. Rg3 Qh6 59. Rg5 Qg7 60. Rg3 Qf8 61. Kh1 Qc5 62. Qc1 Kg7 63. Nxh5+ Kf8 64. Nf4 Ke7 65. Qc3 Rb8 66. h5 gxh5 67. Rg7 Rb3 68. Qe1 Qxe3 69. Qh4+ Kd7 70. Nxe6 Rb1+ 71. Kh2 Qg1+ 72. Kg3 Qe1+ 73. Kh3 Qxh4+ 74. Kxh4 Kxe6 75. Rg8 c3 76. Rc8 d4 0-1

[Event "2026 European Womens Championship"]
[Site "Batumi, GE"]
[Date "2026.05.26"]
[Round "2"]
[White "Purtseladze, Maka"]
[Black "Fataliyeva, Ulviyya"]
[Result "0-1"]
[Board "3"]
[TimeControl "5400+30"]
[WhiteFideId "13602659"]
[BlackFideId "13403052"]
[WhiteElo "2237"]
[BlackElo "2450"]
[WhiteTitle "IM"]
[BlackTitle "IM"]
[WhiteClock "0:07:44"]
[BlackClock "0:07:52"]
[Variant "Standard"]

1. d4 Nf6 2. Nf3 d5 3. c4 e6 4. Nc3 Nbd7 5. cxd5 exd5 6. Bf4 Nb6 7. e3 Bf5 8. Rc1 c6 9. Qb3 a5 10. a4 Bb4 11. Be2 Ne4 12. O-O O-O 13. Nxe4 dxe4 14. Ne5 Be6 15. Qc2 g5 16. Bg3 f5 17. f3 f4 18. Bf2 Nd5 19. fxe4 fxe3 20. Bg3 Nf4 21. Bxf4 gxf4 22. Bc4 Bxc4 23. Qxc4+ Kh8 24. Nf3 Qe7 25. e5 Rad8 26. Rc2 Rd5 27. Qd3 c5 28. Qe4 Rfd8 29. dxc5 Rd1 30. Rc1 Rxc1 31. Rxc1 Qxc5 0-1

[Event "2026 European Womens Championship"]
[Site "Batumi, GE"]
[Date "2026.05.26"]
[Round "2"]
[White "Javakhishvili, Lela"]
[Black "Skarbarchuk, Tetyana"]
[Result "1/2-1/2"]
[Board "4"]
[TimeControl "5400+30"]
[WhiteFideId "13601458"]
[BlackFideId "14184494"]
[WhiteElo "2442"]
[BlackElo "2236"]
[WhiteTitle "IM"]
[WhiteClock "0:17:00"]
[BlackClock "0:04:58"]
[Variant "Standard"]

1. c4 e6 2. g3 d5 3. d4 Nf6 4. Bg2 Bb4+ 5. Bd2 a5 6. Nf3 O-O 7. Qc1 c5 8. dxc5 d4 9. Bxb4 axb4 10. Ne5 Qc7 11. Nd3 Na6 12. Qf4 e5 13. Qxe5 Qxe5 14. Nxe5 Nxc5 15. Nd2 Re8 16. Ndf3 Nb3 17. Rd1 Rxa2 18. Nd3 Bf5 19. O-O Rxe2 20. Nxb4 Raxb2 21. Nd3 Ra2 22. Nc1 Nxc1 23. Nxd4 Be4 24. Rxc1 Red2 25. Nb3 Rdb2 26. Nc5 Bxg2 27. Kxg2 Ng4 28. Nd3 Rd2 29. Rce1 g6 30. h3 Rxd3 31. hxg4 Rc2 32. Re4 Rdc3 33. Rb1 Rxc4 34. Re8+ Kg7 35. Rxb7 Rc7 36. Rxc7 Rxc7 37. g5 1/2-1/2

[Event "2026 European Womens Championship"]
[Site "Batumi, GE"]
[Date "2026.05.26"]
[Round "2"]
[White "Rapport, Jovana"]
[Black "Narva, Mai"]
[Result "0-1"]
[Board "5"]
[TimeControl "5400+30"]
[WhiteFideId "937266"]
[BlackFideId "4500512"]
[WhiteElo "2235"]
[BlackElo "2426"]
[WhiteTitle "WGM"]
[BlackTitle "IM"]
[WhiteClock "0:22:49"]
[BlackClock "0:18:34"]
[Variant "Standard"]

1. e4 c6 2. Nc3 d5 3. d3 g6 4. g3 Bg7 5. Bg2 d4 6. Nce2 c5 7. f4 Nc6 8. h3 e5 9. Nf3 Nge7 10. O-O O-O 11. Nh4 exf4 12. gxf4 f5 13. Nf3 h6 14. Kh1 Be6 15. e5 Qd7 16. c4 dxc3 17. bxc3 Rfd8 18. d4 Bc4 19. Re1 Qc7 20. Ba3 cxd4 21. cxd4 Qa5 22. Qc1 Qa6 23. Ng3 Nd5 24. Nd2 Na5 25. Nxc4 Qxc4 26. Bd6 Nc3 27. Re3 Rac8 28. Qd2 b5 29. Rc1 b4 30. Rc2 Qb5 31. Qd3 Nc4 32. Rf3 Nxd6 33. exd6 Qb6 34. Ne2 Nxe2 35. Rxc8 Rxc8 36. Qxe2 Qxd6 37. d5 Qxd5 38. Ra3 Rc1+ 39. Kh2 Qd4 40. Rf3 h5 41. Kg3 Rd1 42. Bf1 Kh7 43. Rf2 a5 44. Qe6 a4 45. Qc4 Qe3+ 46. Rf3 Qg1+ 47. Bg2 Rd2 0-1

[Event "2026 European Womens Championship"]
[Site "Batumi, GE"]
[Date "2026.05.26"]
[Round "2"]
[White "Piddubna, Bozhena"]
[Black "Wagner, Dinara"]
[Result "1/2-1/2"]
[Board "6"]
[TimeControl "5400+30"]
[WhiteFideId "34109293"]
[BlackFideId "24157570"]
[WhiteElo "2235"]
[BlackElo "2408"]
[WhiteTitle "WIM"]
[BlackTitle "IM"]
[WhiteClock "0:01:17"]
[BlackClock "0:03:50"]
[Variant "Standard"]

1. d4 Nf6 2. c4 e6 3. Nf3 d5 4. Nc3 Be7 5. Bf4 dxc4 6. e4 Bb4 7. Bxc4 Nxe4 8. O-O Bxc3 9. bxc3 Nxc3 10. Qb3 Nd5 11. Bxd5 Qxd5 12. Qa3 Nc6 13. Bxc7 f6 14. Rac1 Kf7 15. h4 Re8 16. Rc5 Qd7 17. Bf4 b6 18. Rh5 Kg8 19. d5 Qf7 20. dxc6 Qxh5 21. Rc1 e5 22. Be3 Be6 23. c7 Bd5 24. Nd2 Qxh4 25. Qd6 Bxa2 26. Qc6 Qg4 27. Ne4 Qe6 28. Nd6 Rec8 29. Qxa8 Rxa8 30. c8=Q+ Rxc8 31. Rxc8+ Qxc8 32. Nxc8 Be6 33. Nxa7 Bd7 34. Bxb6 Kf7 35. f3 h5 36. Kf2 Kg6 37. Ke2 Kf5 38. Bf2 e4 39. Ke3 exf3 40. Kxf3 g5 1/2-1/2

[Event "2026 European Womens Championship"]
[Site "Batumi, GE"]
[Date "2026.05.26"]
[Round "2"]
[White "Tsetskhladze, Mariam"]
[Black "Kiolbasa, Oliwia"]
[Result "0-1"]
[Board "7"]
[TimeControl "5400+30"]
[WhiteFideId "13623834"]
[BlackFideId "1154613"]
[WhiteElo "2234"]
[BlackElo "2397"]
[WhiteTitle "WFM"]
[BlackTitle "IM"]
[WhiteClock "0:00:34"]
[BlackClock "0:03:17"]
[Variant "Standard"]

1. e4 e5 2. Nf3 Nc6 3. Bc4 Nf6 4. d4 exd4 5. e5 Ne4 6. Qe2 Nc5 7. O-O Be7 8. Rd1 Ne6 9. Bxe6 dxe6 10. Nbd2 f6 11. Nb3 fxe5 12. Nxe5 Nxe5 13. Qxe5 Bf6 14. Qe4 O-O 15. c3 e5 16. cxd4 Be6 17. Be3 Bd5 18. Qc2 c6 19. dxe5 Bxe5 20. Nc5 Qh4 21. h3 Rf6 22. Nd7 Rg6 23. Nxe5 Rxg2+ 24. Kf1 Qxh3 25. Qc3 Re8 26. Ke1 Qf5 27. f4 g5 28. Rd2 Rg3 29. Qd3 Qh3 30. Re2 gxf4 31. Qd4 fxe3 0-1

[Event "2026 European Womens Championship"]
[Site "Batumi, GE"]
[Date "2026.05.26"]
[Round "2"]
[White "Badelka, Olga"]
[Black "Orian, Noga"]
[Result "1/2-1/2"]
[Board "8"]
[TimeControl "5400+30"]
[WhiteFideId "13509926"]
[BlackFideId "2836475"]
[WhiteElo "2392"]
[BlackElo "2231"]
[WhiteTitle "IM"]
[BlackTitle "WIM"]
[WhiteClock "0:00:39"]
[BlackClock "0:01:14"]
[Variant "Standard"]

1. c4 e5 2. Nc3 Nf6 3. Nf3 Nc6 4. d3 Bb4 5. Bd2 d5 6. cxd5 Nxd5 7. e3 O-O 8. Be2 Re8 9. O-O Bxc3 10. bxc3 e4 11. dxe4 Nf6 12. Nd4 Nxe4 13. Be1 Qf6 14. f3 Nc5 15. Bf2 Bd7 16. e4 Rad8 17. Qe1 Rc8 18. Rd1 Ne5 19. Nb3 Ne6 20. Nc5 Bc6 21. Nxe6 Qxe6 22. Bd4 Ng6 23. Rf2 Rcd8 24. Rd2 Nf4 25. Bf1 a6 26. Qe3 Ng6 27. Qg5 Qe7 28. Qg3 Rd7 29. f4 Qh4 30. Qxh4 Nxh4 31. g3 Ng6 32. Bh3 Rdd8 33. e5 Bb5 34. Bg2 b6 35. Be3 Ne7 36. g4 Bc4 37. f5 Nd5 38. Bg5 f6 39. exf6 Re1+ 40. Bf1 gxf6 41. Bxf6 Rd6 42. Bd4 c5 43. Be5 Rh6 44. f6 Kf7 45. Bg3 Bxf1 46. Rxf1 Rxf1+ 47. Kxf1 Rxf6+ 48. Kg2 Nf4+ 49. Bxf4 Rxf4 50. Kg3 Rc4 51. Rd7+ Kg6 52. Rd6+ Kg7 53. Rxb6 Rxc3+ 54. Kf4 Rh3 55. Rxa6 Rxh2 56. Rc6 1/2-1/2

[Event "2026 European Womens Championship"]
[Site "Batumi, GE"]
[Date "2026.05.26"]
[Round "2"]
[White "Kirtadze, Anastasia"]
[Black "Vega Gutierrez, Sabrina"]
[Result "0-1"]
[Board "9"]
[TimeControl "5400+30"]
[WhiteFideId "13622714"]
[BlackFideId "2219026"]
[WhiteElo "2233"]
[BlackElo "2375"]
[WhiteTitle "WIM"]
[BlackTitle "IM"]
[WhiteClock "0:19:04"]
[BlackClock "0:00:57"]
[Variant "Standard"]

1. e4 c5 2. Nf3 e6 3. d4 cxd4 4. Nxd4 Nf6 5. Nc3 Nc6 6. Nxc6 bxc6 7. e5 Nd5 8. Ne4 Qc7 9. f4 Qb6 10. c4 Ne3 11. Qd3 Nf5 12. g4 Nd4 13. Bg2 h5 14. g5 h4 15. h3 Bb7 16. b3 O-O-O 17. Bb2 d5 18. Qxd4 Qxd4 19. Bxd4 dxe4 20. O-O-O Ba3+ 21. Bb2 Bxb2+ 22. Kxb2 c5 23. Rhe1 a5 24. Bxe4 Bxe4 25. Rxd8+ Rxd8 26. Rxe4 Rd3 27. f5 exf5 28. Rxh4 Kd7 29. Rh7 Ke6 30. Rxg7 f4 31. g6 fxg6 32. Rxg6+ Kxe5 33. Rg5+ Ke4 34. Kc2 Rxh3 35. Rxc5 f3 36. Kd2 Rh1 37. Rc8 f2 38. Re8+ Kd4 0-1

[Event "2026 European Womens Championship"]
[Site "Batumi, GE"]
[Date "2026.05.26"]
[Round "2"]
[White "Mammadzada, Gunay"]
[Black "Kubicka, Anna"]
[Result "1/2-1/2"]
[Board "10"]
[TimeControl "5400+30"]
[WhiteFideId "13403729"]
[BlackFideId "1152254"]
[WhiteElo "2374"]
[BlackElo "2226"]
[WhiteTitle "IM"]
[BlackTitle "WIM"]
[WhiteClock "0:00:38"]
[BlackClock "0:01:01"]
[Variant "Standard"]

1. e4 e5 2. Nf3 Nc6 3. Bb5 a6 4. Ba4 Nf6 5. O-O d6 6. Re1 Be7 7. Bxc6+ bxc6 8. d4 Nd7 9. dxe5 dxe5 10. Nbd2 O-O 11. Nc4 Qe8 12. c3 Bf6 13. Be3 a5 14. b4 axb4 15. cxb4 Qe6 16. Qc2 Be7 17. Qc3 Ra4 18. a3 c5 19. Qc2 Qa6 20. Ncxe5 Nxe5 21. Nxe5 cxb4 22. Nc6 Bd6 23. e5 b3 24. Qxb3 Qxc6 25. Rac1 Qa8 26. exd6 Rg4 27. g3 cxd6 28. Bf4 Rg6 29. Rc7 Be6 30. Qb6 Bh3 31. Rb7 d5 32. Qa7 Ra6 33. Qxa8 Rfxa8 34. Rb3 1/2-1/2

[Event "2026 European Womens Championship"]
[Site "Batumi, GE"]
[Date "2026.05.26"]
[Round "2"]
[White "Hryzlova, Sofiia"]
[Black "Sivanandan, Bodhana"]
[Result "1-0"]
[Board "11"]
[TimeControl "5400+30"]
[WhiteFideId "14174669"]
[BlackFideId "497592"]
[WhiteElo "2226"]
[BlackElo "2374"]
[WhiteTitle "WIM"]
[BlackTitle "FM"]
[WhiteClock "0:22:43"]
[BlackClock "0:05:13"]
[Variant "Standard"]

1. e4 e5 2. Nf3 Nf6 3. d4 Nxe4 4. Bd3 d5 5. Nxe5 Nd7 6. Nc3 Bb4 7. O-O Nxe5 8. dxe5 Nxc3 9. bxc3 Bxc3 10. Rb1 O-O 11. Bxh7+ Kxh7 12. Qd3+ Kg8 13. Qxc3 a5 14. Qg3 Ra6 15. Bg5 Qd7 16. f4 Qf5 17. Rb3 Rc6 18. Bf6 Qh7 19. f5 Qh6 20. Qf2 Rxf6 21. exf6 Qxf6 22. Qf4 c6 23. Re3 d4 24. Re5 Rd8 25. Rfe1 Be6 26. g4 g5 27. Qd2 Bxa2 28. Qxa5 Bd5 29. Re8+ Rxe8 30. Rxe8+ Kg7 31. Qa3 d3 32. Qxd3 Qa1+ 33. Kf2 b5 34. Qe3 Qf6 35. c3 Qh6 36. Qe5+ f6 37. Qe7+ Bf7 38. Qf8+ Kh7 39. Qxf7+ Qg7 40. Qh5+ Qh6 41. Re7+ Kg8 42. Qf7+ Kh8 43. Re8+ Qf8 44. Rxf8# 1-0

[Event "2026 European Womens Championship"]
[Site "Batumi, GE"]
[Date "2026.05.26"]
[Round "2"]
[White "Sieber, Fiona"]
[Black "Klek, Hanna Marie"]
[Result "1/2-1/2"]
[Board "12"]
[TimeControl "5400+30"]
[WhiteFideId "12902373"]
[BlackFideId "24670057"]
[WhiteElo "2224"]
[BlackElo "2369"]
[WhiteTitle "WGM"]
[BlackTitle "WGM"]
[WhiteClock "0:01:43"]
[BlackClock "0:03:54"]
[Variant "Standard"]

1. c4 e5 2. Nc3 Bb4 3. Nd5 a5 4. a3 Bc5 5. e3 d6 6. d4 Ba7 7. Nc3 Nf6 8. dxe5 dxe5 9. Qxd8+ Kxd8 10. Nf3 Nc6 11. b3 Bf5 12. Bb2 Nd7 13. O-O-O Kc8 14. Nh4 Be6 15. Ne4 h6 16. h3 f5 17. Nd2 Re8 18. Nhf3 g5 19. Ne1 f4 20. Nc2 Bf5 21. e4 Bg6 22. f3 Nf6 23. Be2 Nh5 24. Nf1 Bf2 25. Rd2 Rd8 26. Bd3 Bd4 27. h4 b6 28. Nxd4 Nxd4 29. Bxd4 Rxd4 30. Bc2 Rxd2 31. Kxd2 Kd7 32. hxg5 hxg5 33. Rh3 Rf8 34. Nh2 Kd6 35. Ng4 Rf7 36. Kc3 Rh7 37. Rh1 Nf6 38. Rxh7 Nxh7 39. c5+ bxc5 40. Bd3 Bh5 41. Nh6 Nf6 42. Kc4 Kc6 43. Nf5 Bf7+ 44. Kc3 Be6 45. g4 fxg3 46. Nxg3 Ne8 47. Nf5 Bxf5 48. exf5 Nd6 49. f6 Kd7 50. f7 Ke7 51. Bg6 e4 52. fxe4 Nxf7 53. Bh5 Ne5 54. Be2 g4 55. Kd2 Kf6 56. Ke3 Kg5 57. Bf1 Nf3 58. Bd3 Ne1 59. Bb1 g3 60. e5 g2 61. Kf2 Nf3 62. Kxg2 Nxe5 63. Kf2 Kf4 64. Ke2 c4 65. b4 axb4 66. axb4 Nc6 67. Kd2 Ke5 68. Kc3 Kd5 69. Bg6 Ke5 1/2-1/2

[Event "2026 European Womens Championship"]
[Site "Batumi, GE"]
[Date "2026.05.26"]
[Round "2"]
[White "Beydullayeva, Govhar"]
[Black "Mamedjarova, Turkan"]
[Result "1/2-1/2"]
[Board "13"]
[TimeControl "5400+30"]
[WhiteFideId "13413015"]
[BlackFideId "13402005"]
[WhiteElo "2368"]
[BlackElo "2222"]
[WhiteTitle "WGM"]
[BlackTitle "WGM"]
[WhiteClock "0:07:23"]
[BlackClock "0:15:27"]
[Variant "Standard"]

1. d4 Nf6 2. c4 e6 3. Nc3 Bb4 4. e3 b6 5. Nge2 Bb7 6. a3 Bxc3+ 7. Nxc3 d5 8. f3 O-O 9. cxd5 Nxd5 10. Nxd5 exd5 11. Bd3 Qh4+ 12. g3 Qe7 13. O-O c5 14. dxc5 bxc5 15. Qc2 h6 16. Bd2 Nd7 17. Rae1 Qd6 18. Bc3 Rfe8 19. Qf2 Re7 20. b4 Rae8 21. bxc5 Nxc5 22. Bb5 Bc6 23. Bxc6 Qxc6 24. Qd2 Rd7 25. Rb1 Na4 26. Bd4 Nb6 27. Bxb6 axb6 28. Qd4 Qc5 29. Rb3 Qxd4 30. exd4 Ra8 31. Ra1 1/2-1/2

[Event "2026 European Womens Championship"]
[Site "Batumi, GE"]
[Date "2026.05.26"]
[Round "2"]
[White "Rodshtein, Tereza"]
[Black "Mkrtchian, Lilit"]
[Result "1/2-1/2"]
[Board "14"]
[TimeControl "5400+30"]
[WhiteFideId "325449"]
[BlackFideId "13300601"]
[WhiteElo "2218"]
[BlackElo "2366"]
[WhiteTitle "WGM"]
[BlackTitle "IM"]
[WhiteClock "0:21:46"]
[BlackClock "0:26:19"]
[Variant "Standard"]

1. e4 d6 2. d4 Nf6 3. Nc3 e5 4. Nf3 Nbd7 5. Bc4 Be7 6. a4 O-O 7. O-O exd4 8. Qxd4 Nc5 9. h3 Be6 10. Rd1 Nfd7 11. Bxe6 Nxe6 12. Qc4 c6 13. Be3 Re8 14. Nd4 Ne5 15. Qe2 Nxd4 16. Rxd4 Qc7 17. Rad1 a6 18. Bf4 Bf8 19. Qe3 b5 20. Qg3 Re6 21. Kh1 Rb8 22. b3 Rg6 23. Qh2 Re6 24. Qg3 Rg6 25. Qh2 Re6 26. Qg3 1/2-1/2

[Event "2026 European Womens Championship"]
[Site "Batumi, GE"]
[Date "2026.05.26"]
[Round "2"]
[White "Mkrtchyan, Mariam"]
[Black "Kochavi, Dana"]
[Result "1/2-1/2"]
[Board "15"]
[TimeControl "5400+30"]
[WhiteFideId "13310828"]
[BlackFideId "2837137"]
[WhiteElo "2365"]
[BlackElo "2209"]
[WhiteTitle "WGM"]
[BlackTitle "FM"]
[WhiteClock "0:01:46"]
[BlackClock "0:13:38"]
[Variant "Standard"]

1. e4 c5 2. Nc3 d6 3. d4 cxd4 4. Qxd4 Nc6 5. Qd2 g6 6. b3 Bg7 7. Bb2 Nf6 8. O-O-O Be6 9. f4 Rc8 10. Kb1 Qa5 11. Nf3 Nb4 12. Ng5 Bg4 13. a3 Bxd1 14. axb4 Qxb4 15. Qxd1 Rxc3 16. Bxc3 Qxc3 17. Bb5+ Kf8 18. e5 h6 19. Nf3 Ne8 20. Qd5 Qc7 21. Rd1 e6 22. Qd4 d5 23. Qxa7 b6 24. Qa8 Ke7 25. Nd4 f6 26. Nc6+ Kf8 27. Rf1 Qf7 28. Qa3+ Kg8 29. Nd8 Qf8 30. Qxf8+ Kxf8 31. Bxe8 Kxe8 32. Nxe6 Kf7 33. Nc7 Rd8 34. Rd1 d4 35. exf6 Bxf6 36. c4 dxc3 37. Rxd8 Bxd8 38. Nd5 Ke6 39. Nxc3 Kf5 40. Ne2 Ke4 41. Kc2 Ke3 42. Kd1 h5 43. g3 Bf6 44. Ke1 Kd3 45. f5 g5 46. h4 gxh4 47. Nf4+ Ke4 48. Nxh5 Be5 49. f6 Kf5 50. f7 Bd6 51. gxh4 Kg6 52. f8=Q Bxf8 53. Ng3 Be7 54. h5+ Kg5 55. Kf2 Kg4 56. Ne4 Kxh5 57. Ke3 Kg4 58. Kd4 Kf4 59. Nd2 Bc5+ 60. Kc4 Ke3 61. Nb1 Ke2 62. Nc3+ Kd2 63. Ne4+ Kc2 64. Nc3 Bf8 65. Nb5 Bc5 66. Nc7 Bd6 67. Nd5 b5+ 68. Kxb5 Kxb3 1/2-1/2

[Event "2026 European Womens Championship"]
[Site "Batumi, GE"]
[Date "2026.05.26"]
[Round "2"]
[White "Tirpan, Ceren"]
[Black "Bivol, Alina"]
[Result "1/2-1/2"]
[Board "16"]
[TimeControl "5400+30"]
[WhiteFideId "26385309"]
[BlackFideId "4100123"]
[WhiteElo "2209"]
[BlackElo "2361"]
[WhiteTitle "WFM"]
[BlackTitle "IM"]
[WhiteClock "0:04:47"]
[BlackClock "0:08:38"]
[Variant "Standard"]

1. c4 e6 2. g3 d5 3. Bg2 d4 4. Nf3 Nc6 5. O-O Nh6 6. d3 Nf5 7. Na3 Bxa3 8. bxa3 O-O 9. Rb1 Rb8 10. Nd2 Bd7 11. Ne4 b6 12. Bd2 e5 13. a4 Nfe7 14. a5 f5 15. Ng5 h6 16. Nf3 bxa5 17. Qc2 Be8 18. Rxb8 Qxb8 19. e3 Bh5 20. Rb1 Qd8 21. Re1 dxe3 22. fxe3 Ng6 23. Rf1 f4 24. Ne1 fxe3 25. Rxf8+ Qxf8 26. Bxe3 Nd4 27. Bd5+ Kh8 28. Qf2 Ne2+ 29. Kg2 Qxf2+ 30. Kxf2 Nc3 31. Bxa7 Nxd5 32. cxd5 Ne7 33. Nf3 Nxd5 34. Nxe5 Kg8 35. Bc5 Be8 36. a3 g5 37. Bd4 a4 38. Kf3 Nf6 39. h4 gxh4 40. gxh4 Nd7 41. Kf4 Nxe5 42. Ke4 1/2-1/2

[Event "2026 European Womens Championship"]
[Site "Batumi, GE"]
[Date "2026.05.26"]
[Round "2"]
[White "Bashylina, Luisa"]
[Black "Milliet, Sophie"]
[Result "1/2-1/2"]
[Board "17"]
[TimeControl "5400+30"]
[WhiteFideId "12983292"]
[BlackFideId "623725"]
[WhiteElo "2208"]
[BlackElo "2361"]
[WhiteTitle "WFM"]
[BlackTitle "IM"]
[WhiteClock "0:12:56"]
[BlackClock "0:05:50"]
[Variant "Standard"]

1. d4 Nf6 2. c4 e6 3. Nc3 Bb4 4. Qc2 O-O 5. e4 d5 6. e5 Ne4 7. Bd3 c5 8. a3 Bxc3+ 9. bxc3 cxd4 10. cxd4 Bd7 11. Ne2 Qa5+ 12. Kf1 Ba4 13. Qb2 f6 14. Bxe4 dxe4 15. exf6 gxf6 16. Qxb7 Bc6 17. Qe7 Bd7 18. h4 Rf7 19. Qb4 Nc6 20. Qd6 Qa4 21. Bh6 Qxc4 22. Rc1 Qd5 23. Qxd5 exd5 24. Rc5 Ne7 25. Nc3 Rb8 26. Kg1 Be6 27. Kh2 Nf5 28. Be3 Rb3 29. a4 Rd7 30. h5 Kf7 31. a5 Ng7 32. Kg3 Rb4 33. Kf4 Nf5 34. Rd1 Nh4 35. Kg3 Nf5+ 36. Kf4 Nh4 37. Kg3 Nf5+ 1/2-1/2

[Event "2026 European Womens Championship"]
[Site "Batumi, GE"]
[Date "2026.05.26"]
[Round "2"]
[White "Socko, Monika"]
[Black "Ibrahimova, Sabina"]
[Result "1-0"]
[Board "18"]
[TimeControl "5400+30"]
[WhiteFideId "1106619"]
[BlackFideId "13403893"]
[WhiteElo "2355"]
[BlackElo "2205"]
[WhiteTitle "GM"]
[BlackTitle "WIM"]
[WhiteClock "0:17:15"]
[BlackClock "0:08:24"]
[Variant "Standard"]

1. d4 Nf6 2. c4 e6 3. Nc3 Bb4 4. e3 O-O 5. Nge2 c5 6. a3 cxd4 7. axb4 dxc3 8. Nxc3 d5 9. b3 Re8 10. Be2 b6 11. O-O Bb7 12. Bb2 Qe7 13. b5 Nbd7 14. Ra3 Qc5 15. Ra4 dxc4 16. Rxc4 Qg5 17. e4 Nc5 18. Bc1 Qg6 19. f3 e5 20. Be3 Rad8 21. Qa1 Nxb3 22. Qxa7 Bc8 23. Qxb6 Bh3 24. Rf2 Ra8 25. Ra4 Rab8 26. Qa7 Rbd8 27. b6 Nd4 28. b7 Nxe2+ 29. Rxe2 Nd7 30. Ra6 Be6 31. Rd6 Rb8 32. Red2 Nf8 33. Qa6 Qh5 34. Ba7 Qh4 35. g3 Qe7 36. Bxb8 Rxb8 37. Rb2 Qc7 38. Qc6 Qa5 39. Kg2 h5 40. h4 Kh7 41. Rdd2 Ng6 42. Qd6 Rxb7 43. Rxb7 Qxc3 44. Qd3 Qa5 45. Rbb2 Qa7 46. Qd8 f6 47. Qb6 Qf7 48. Rd6 Nf8 49. Qb7 Bd7 50. Kh2 Qe8 51. Qc7 1-0